Map: Dusk Towers

Players

niceq

  • Race: Terran Terran
  • League: Master

Miszu - Winner!

  • Race: Terran Terran
  • League: Grandmaster

VOD

Have the link to the VOD?

Description

Time

  • Played on: Feb. 22, 2016, 7:58 a.m.
  • Length: 3:28
Show
View Real Time Build Order
Export as new Build Order

niceq Terran 

Build Orders:  

Get SALT Encoding   

  12  0:00  SCV  
  13  0:13  SCV  
  14  0:17  Supply Depot  
  14  0:25  SCV  
  15  0:39  SCV  
  15  0:41  Barracks  
  16  0:51  SCV  
  17  1:03  SCV  
  18  1:17  Command Center  
  18  1:19  SCV  
  19  1:29  Marine  
  20  1:33  Orbital Command  
  20  1:40  Refinery  
  20  1:43  Refinery  
  20  1:47  Marine  
  21  1:58  SCV  
  22  2:07  Supply Depot  
  22  2:10  SCV  
  23  2:27  Factory  
  23  2:28  Marine, SCV  
  25  2:30  Orbital Command  
  25  2:40  SCV  
  26  2:46  Barracks Reactor  
  26  2:53  SCV  
  26  2:57  SCV  
  28  3:07  Command Center  
  27  3:23  Starport  
Show
View Real Time Build Order
Export as new Build Order

Miszu Terran - Winner!

Build Orders:  

Get SALT Encoding   

  12  0:01  SCV  
  13  0:13  SCV  
  14  0:17  Supply Depot  
  14  0:25  SCV  
  14  0:27  Refinery  
  15  0:39  SCV  
  16  0:45  Barracks  
  16  0:51  SCV  
  17  1:03  SCV  
  18  1:15  SCV  
  19  1:33  Factory  
  19  1:34  Orbital Command  
  19  1:37  Refinery  
  19  1:39  Supply Depot  
  19  1:48  Reaper  
  20  2:00  SCV  
  21  2:12  SCV  
  22  2:17  Hellion  
  22  2:20  Reaper  
  25  2:25  Command Center  
  25  2:28  SCV  
  26  2:38  Supply Depot, Hellion  
  28  2:52  SCV  
  28  2:53  Reaper  
  30  2:59  Starport  
  30  3:04  SCV  
Tags
 
Add a new tag
Caveats
  • Supply blocks, unpowered buildings, or Contaminate may cause inaccurate times.
  • Supply counts are checked every 10 seconds.